AoeStats
← thenoobmaster-69

Arena

509965963Analyzed
3v3 RM · 5d ago on Sep 28, 2026· 39m 37s· 6 players
Game mode
Random Map
Map size
Normal (6 player)
Population
200
Speed
Normal
Resources
Standard
Victory
Conquest
Starting age
Dark Age
Ending age
Imperial Age
RankedLock teamsTeams togetherTeam positionsShared explorationLock speedFull tech treeHidden civsTurbo modeCheats
Victory
Defeat
🇺🇸 Varangians · United States
1006
+13
🇪🇸 Huns · Spain
970
+14
🇲🇽 Bohemians · Mexico
934
+15
🇧🇴 Italians · Bolivia
947
-15
🇧🇷 Celts · Brazil
918
-14
🇧🇴 Burgundians · Bolivia
913
-13
Frank9112750
11:41 Feudal Age
17:22 Castle Age
15:28 Horse Collar
15:36 Double-Bit Axe
15:57 Gold Mining
16:36 Scale Barding Armor
18:27 Forging
19:01 Heavy Plow
20:05 Marauders
21:26 Chain Barding Armor
21:39 Bloodlines
25:31 Iron Casting
DigitalSixteen
9:54 Feudal Age
11:40 Loom
14:21 Castle Age
12:56 Double-Bit Axe
13:16 Horse Collar
15:30 Bow Saw
18:50 Heavy Plow
22:27 Gold Mining
23:37 Stone Mining
25:18 Wheelbarrow
24:28 Town Watch
25:05 Squires
24:52 Gambesons
25:09 Scale Mail Armor
25:20 Forging
26:16 Hand Cart
26:46 Chain Mail Armor
27:47 Arson
29:35 Iron Casting
28:52 Fletching
36:31 Imperial Age
35:13 Caravan
35:22 Treadmill Crane
35:53 Masonry
36:04 Ballistics
36:23 Stone Shaft Mining
35:53 Town Patrol
36:34 Capped Ram
36:37 Elite Varangian Guard
37:50 Plate Mail Armor
38:21 Blast Furnace
36:49 Gothikon
37:51 Conscription
37:37 Elite Jarl
38:02 Siege Ram
39:26 Crop Rotation
39:57 Two-Man Saw
joseemiron
11:38 Feudal Age
15:26 Castle Age
13:37 Double-Bit Axe
13:40 Horse Collar
18:22 Wheelbarrow
18:47 Loom
19:37 Fervor
T⌂ÖN
12:19 Feudal Age
14:57 Wheelbarrow
15:12 Horse Collar
15:25 Double-Bit Axe
18:36 Castle Age
20:05 Bow Saw
19:58 Heavy Plow
20:04 Padded Archer Armor
22:33 Hand Cart
23:55 Stone Mining
26:23 Fortified Wall
27:58 Loom
38:13 Fletching
39:06 Treadmill Crane
OG. Arce Catacora
4:32 Wheelbarrow
3:52 Loom
9:50 Double-Bit Axe
12:38 Feudal Age
11:28 Horse Collar
18:50 Castle Age
17:48 Gold Mining
18:59 Forging
18:57 Scale Barding Armor
20:46 Gold Shaft Mining
22:36 Town Watch
25:22 Pikeman
26:25 Scale Mail Armor
28:19 Chain Mail Armor
28:41 Squires
30:39 Bow Saw
32:36 Cavalier
33:20 Husbandry
33:45 Chain Barding Armor
36:40 Iron Casting
thenoobmaster-69
0:28 Loom
13:01 Feudal Age
13:29 Horse Collar
13:37 Double-Bit Axe
14:30 Wheelbarrow
22:44 Castle Age
22:49 Scale Mail Armor
23:01 Forging
26:19 Gold Mining
26:20 Stone Mining
27:08 Bow Saw
26:33 Pikeman
26:59 Arson
33:20 Stronghold
Connection lost

Rejoining the realm…

Still unreachable

The connection could not be restored.

Session expired

The server has moved on; the page needs a fresh start.